 Dungeon Crawl Stone Soup version 0.20-a0-433-g9e36e56 (webtiles) character file.

51 Amnesiac the Vexing (level 3, 0/24 HPs)
             Began as a Mummy Enchanter on Jan 3, 2017.
             Slain by a kobold
             ... wielding a +0 short sword
              (2 damage)
             ... on level 3 of the Dungeon.
             The game lasted 00:03:11 (1220 turns).

Amnesiac the Vexing (Mummy Enchanter)               Turns: 1220, Time: 00:03:12

Health: 0/24       AC:  2    Str: 11    XL:     3   Next: 58%
Magic:  1/7        EV: 12    Int: 14    God:
Gold:   13         SH:  0    Dex: 13    Spells: 2/8 levels left

rFire  x . .     SeeInvis .     a - +1 dagger
rCold  + . .     Gourm    .     b - +0 robe
rNeg   + + +     Faith    .     (no shield)
rPois  ∞         Spirit   .     (no helmet)
rElec  .         Reflect  .     (no cloak)
rCorr  .         Harm     .     (no gloves)
MR     .....                    (no boots)
Stlth  ++........               (no amulet)
                                (no ring)
                                (no ring)

@: no status effects
A: no food or potions, fire vulnerability, cold resistance 1, negative energy
resistance 3, torment resistance, unbreathing
a: no special abilities


You were on level 3 of the Dungeon.
You were not hungry.

You visited 1 branch of the dungeon, and saw 3 of its levels.

You collected 13 gold pieces.

Inventory:

Hand Weapons
 a - a +1 dagger (weapon)
Armour
 b - a +0 robe (worn)
Scrolls
 d - a scroll of random uselessness {unknown}
Books
 c - a book of Maledictions

   Spells                             Type                      Level
   a - Corona                         Hexes                        1
   b - Ensorcelled Hibernation        Hexes/Ice                    2
   c - Confuse                        Hexes                        3
   d - Tukima's Dance                 Hexes                        3
   e - Dazzling Spray                 Conjuration/Hexes            3


   Skills:
 + Level 1.9 Short Blades
 - Level 1.5 Dodging
 - Level 2.4 Stealth
 - Level 3.2 Spellcasting
 - Level 3.3 Hexes


You had 2 spell levels left.
You knew the following spells:

 Your Spells              Type           Power        Failure   Level  Hunger
e - Confuse               Hex            ##......     17%         3    N/A
f - Corona                Hex            ##.....      6%          1    N/A
z - Ensorcelled Hibernat  Hex/Ice        #.....       21%         2    N/A

Dungeon Overview and Level Annotations

Branches:
Dungeon (3/15)

Altars:


Innate Abilities, Weirdness & Mutations

You do not eat or drink.
Your flesh is vulnerable to fire.
You are immune to poison.
Your flesh is cold resistant. (rC+)
You are immune to negative energy. (rN+++)
You are immune to unholy pain and torment.
You can survive without breathing.


Message History

Things that are here:
a flail; a ring mail; the human skeleton of Terence
As you read the scroll labeled KUH OMYOLIAZUTS, it crumbles to dust.
It is a scroll of recharging.
You aren't carrying any rechargeable items.
The orc hits you with a falchion of holy wrath.
You convulse.
* * * LOW HITPOINT WARNING * * *
The kobold hits you with a short sword.
* * * LOW HITPOINT WARNING * * *
You closely miss the orc. The kobold hits you with a short sword.
* * * LOW HITPOINT WARNING * * *
The orc barely misses you.
You hit the orc.
The orc is lightly wounded.
The kobold closely misses you. The orc barely misses you.
You hit the orc.
The orc is heavily wounded.
The kobold hits you with a short sword.
You die...

#....... #...... ### ##...... #..
#....... ####### #....).# #..K@.#
#### #......# #.###o# #..
#......######.#<#.##########.####
.........)..............!........
.......#####..#.#.######.#.#.####
#......# #....#....# #.#.#.###.
#.###### #.#######.###......... #
#.# #............. #.#
######........


You could see an orc and a kobold.

Vanquished Creatures
  Terence (D:3)
  An adder (D:3)
  A leopard gecko (D:2)
  2 orcs (D:3)
  2 hobgoblins (D:3)
  3 jackals (D:2)
  3 kobolds (D:1)
  A frilled lizard (D:2)
  A rat (D:1)
15 creatures vanquished.

Notes
Turn   | Place    | Note
-------+----------+-------------------------------------------
     0 | D:1      | Amnesiac the Mummy Enchanter began the quest for the Orb.
     0 | D:1      | Reached XP level 1. HP: 13/13 MP: 4/4
   212 | D:2      | Reached XP level 2. HP: 13/19 MP: 2/5
   458 | D:3      | Learned a level 2 spell: Ensorcelled Hibernation
   511 | D:3      | Found a faded altar of an unknown god.
   569 | D:3      | Noticed Terence
   883 | D:3      | Killed Terence
   883 | D:3      | Reached skill level 1 in Short Blades
   883 | D:3      | Reached XP level 3. HP: 6/24 MP: 0/7
  1106 | D:3      | Learned a level 3 spell: Confuse
  1220 | D:3      | Slain by a kobold

Vault maps used:
D:1:      lemuel_arrival_room
D:2:      first_bread, minmay_misc_feat_pillars
D:3:      chequers_ecumenical_altar_simple, uniq_terence, uniq_iyjb

Skill      XL: |  1  2 |
---------------+-------+-----
Hexes          | 3 |  3.3
Spellcasting   | 3 |  3.2
Short Blades   | 1 |  1.9
Dodging        | |  1.5
Stealth        | |  2.4

Action                   || total
-------------------------++-------
Melee: Dagger            ||    47
 Cast: Corona            ||     6
       Ensorcelled Hiber ||    12
       Confuse           ||     1
  Use: Scroll            ||     1
 Stab: Sleeping          ||     9
Armor: Robe              ||     5
Dodge: Dodged            ||    35
